 Dungeon Crawl Stone Soup version 0.17.1-2-g5865329 (webtiles) character file.

513 Metrazal the Ducker (level 7, -2/33 HPs)
             Began as a Spriggan Assassin on Feb 7, 2016.
             Killed by divine providence
             ... invoked by an orc priest
              (12 damage)
             ... on level 4 of the Dungeon.
             The game lasted 00:42:42 (3935 turns).

Metrazal the Ducker (Spriggan Assassin)             Turns: 3935, Time: 00:42:42

Health: -2/33      AC:  4    Str:  7    XL:     7   Next: 0%
Magic:  8/8        EV: 25    Int: 12    God:
Gold:   213        SH:  0    Dex: 20    Spells: 0 memorised, 6 levels left

rFire  . . .     SeeInvis +     c - +0 hunting sling
rCold  . . .     Clarity  .     i - +1 robe {rN+}
rNeg   + . .     SustAt   .     (shield restricted)
rPois  .         Gourm    .     (helmet restricted)
rElec  .         Spirit   .     d - +0 cloak
rCorr  .         Warding  .     (gloves unavailable)
rMut   .         Stasis   .     (boots unavailable)
MR     +....                    (no amulet)
Stlth  ++++......               h - ring of see invisible
                                m - ring of flight

@: very quick, somewhat resistant to hostile enchantments, stealthy
A: unfitting armour, see invisible, herbivore 3, speed 3, slow metabolism 2
a: Evoke Flight


You were on level 4 of the Dungeon.
You were not hungry.

You visited 1 branch of the dungeon, and saw 4 of its levels.

You collected 213 gold pieces.

Inventory:

Hand Weapons
 a - a +2 dagger
 b - a +0 blowgun
 c - a +0 hunting sling (weapon)
Missiles
 e - 3 poisoned needles
 f - 2 curare-tipped needles
 k - 57 stones (quivered)
 r - 16 arrows
 w - 13 arrows of frost
 z - 54 sling bullets
 G - 17 silver sling bullets
Armour
 d - a +0 cloak (worn)
 i - a +1 robe of positive energy (worn)
Jewellery
 h - a ring of see invisible (right hand)
 m - a ring of flight (left hand)
 A - a +4 ring of strength
Scrolls
 j - a scroll of fog {unknown}
 l - 4 scrolls of identify {unknown}
 p - 3 scrolls of noise {unknown}
 s - 2 scrolls of remove curse
 u - 2 scrolls of fear {unknown}
 y - a scroll of teleportation
 B - 2 scrolls of immolation {unknown}
 C - a scroll of blinking {unknown}
Potions
 n - 2 potions of flight {unknown}
 o - a potion of mutation {unknown}
 q - 2 potions of invisibility {unknown}
 t - 2 potions of haste {unknown}
 v - 2 potions of lignification {unknown}
 x - a potion of curing {unknown}
 D - a potion of poison {unknown}
 F - a potion of might {unknown}
Comestibles
 g - 6 bread rations
 E - a slice of pizza


   Skills:
 - Level 1.5 Fighting
 - Level 2.1 Short Blades
 + Level 5.8(6.1) Slings
 - Level 2.0(3.6) Throwing
 + Level 7.8 Dodging
 - Level 5.8 Stealth


You had 6 spell levels left.
You didn't know any spells.

Dungeon Overview and Level Annotations

Branches:
Dungeon (4/15)
 Temple: D:4-7

Altars:
Fedhas
Kikubaaqudgha
Okawaru
Trog


Innate Abilities, Weirdness & Mutations

You are tiny and cannot use many weapons and most armour.
You have supernaturally acute eyesight.
You are a herbivore.
You cover ground extremely quickly.
You need consume almost no food.


Message History

The stone hits the orc priest but does no damage.
The orc priest is moderately wounded.
The orc priest hits you with a short sword.
Firing (i - inventory. (,) - cycle):
k - 59 stones (quivered)
Press: ? - help, Shift-Dir - straight line, f/p - orc priest
Aim: an orc priest, wielding a short sword and wearing a chain mail (heavily wounded, poisoned)
You shoot a stone. The stone barely misses the orc priest.
The stone barely misses the orc.
The stone hits the orc priest.
The orc priest is moderately wounded.
Firing (i - inventory. (,) - cycle):
k - 58 stones (quivered)
Press: ? - help, Shift-Dir - straight line, f/p - orc priest
Aim: an orc priest, wielding a short sword and wearing a chain mail (heavily wounded, poisoned)
You shoot a stone. The stone barely misses the orc priest.
The orc throws a tomahawk.
The tomahawk completely misses you.
The orc priest calls down the wrath of Beogh upon you.
Something smites you!
The orc throws a tomahawk.
The tomahawk completely misses you.
The orc priest mumbles some strange prayers to Beogh against you.
Something smites you!
You die...

..# #.#.##.._..##..# ..#
#.#.........P..# # ..#
#.#.P..........#.########## .##
#.##P..###...###.. ........
.###### #...P(#..PP.... ........
......#.#.P......P...# #######.
#####.#..............####### #.
#.#######...##...#.....#####.
#(.(((o(o.o.@)(..............
#......###########..........#####
.oo....# #......###...# .......#
#......# #...# _......#
#......###...# .......#
#..........### #......#
#...##...[.# #......#
#...##.....# ############


You could see 2 orc priests and an orc.

Vanquished Creatures
  2 scorpions (D:4)
  An iguana (D:4)
  An orc priest (D:4)
  2 orc wizards
  Terence (D:3)
  Natasha (twice) (D:3)
  A worker ant (D:4)
  8 adders
  3 gnolls (D:2)
  4 worms
  4 giant geckos
  13 orcs
  10 bats
  4 giant cockroaches
  9 hobgoblins
  11 jackals
  10 kobolds
  2 quokkas (D:3)
  3 giant newts
  6 goblins
  7 rats
104 creatures vanquished.

Notes
Turn   | Place    | Note
--------------------------------------------------------------
     0 | D:1      | Metrazal the Spriggan Assassin began the quest for the Orb.
     0 | D:1      | Reached XP level 1. HP: 10/10 MP: 2/2
   214 | D:1      | Reached XP level 2. HP: 14/14 MP: 3/3
   357 | D:1      | Reached skill level 1 in Slings
   840 | D:2      | Reached XP level 3. HP: 18/18 MP: 4/4
  1046 | D:2      | Found an iron altar of Okawaru.
  1291 | D:2      | Reached XP level 4. HP: 19/22 MP: 5/5
  1921 | D:3      | Reached skill level 5 in Dodging
  2036 | D:3      | Found a blossoming altar of Fedhas.
  2288 | D:3      | Reached XP level 5. HP: 23/25 MP: 6/6
  2419 | D:3      | Noticed Natasha
  2552 | D:3      | Killed Natasha
  2552 | D:3      | Reached skill level 6 in Dodging
  2845 | D:3      | Noticed Terence
  2853 | D:3      | Killed Terence
  2892 | D:3      | Noticed Natasha
  2911 | D:3      | Killed Natasha
  2932 | D:3      | Reached XP level 6. HP: 20/30 MP: 7/7
  3366 | D:4      | Reached skill level 5 in Slings
  3366 | D:4      | Reached skill level 7 in Dodging
  3642 | D:4      | Found an ancient bone altar of Kikubaaqudgha.
  3908 | D:4      | Found a bloodstained altar of Trog.
  3919 | D:4      | Reached XP level 7. HP: 33/33 MP: 8/8
  3935 | D:4      | Killed from afar by an orc priest

Action                   |  1- 3 |  4- 6 |  7- 9 || total
-------------------------+-------+-------+-------++-------
Melee: Dagger            |     5 |       |       ||     5
 Fire: Blowgun           |    15 |    37 |     2 ||    54
       Hunting sling     |    97 |   308 |     8 ||   413
  Use: Scroll            |     3 |     1 |       ||     4
 Stab: Sleeping          |     8 |    10 |       ||    18
       Distracted        |     1 |       |       ||     1
